 Dungeon Crawl Stone Soup version 0.21.1-1-g345015f (webtiles) character file.

1654 Galewin the Cleaver (level 8, -1/64 HPs)
             Began as a Minotaur Berserker on Mar 28, 2018.
             Was a Priest of Trog.
             Slain by an orc
             ... wielding a +0 war axe
              (8 damage)
             ... on level 5 of the Dungeon.
             The game lasted 00:13:19 (4040 turns).

Galewin the Cleaver (Minotaur Berserker)            Turns: 4040, Time: 00:13:20

Health: -1/64      AC:  8    Str: 24    XL:     8   Next: 68%
Magic:  7/7        EV:  8    Int:  4    God:    Trog [***...]
Gold:   349        SH:  0    Dex: 10    Spells: 7/7 levels left

rFire    . . .     SeeInvis .   v - +0 war axe
rCold    . . .     Gourm    .   (no shield)
rNeg     . . .     Faith    .   w - +0 chain mail
rPois    .         Spirit   .   (helmet restricted)
rElec    .         Reflect  .   (no cloak)
rCorr    .         Harm     .   (no gloves)
MR       ++...                  (no boots)
Stlth    ..........             (no amulet)
HPRegen  1.20/turn              (no ring)
MPRegen  0.10/turn              (no ring)

@: regenerating
A: retaliatory headbutt, horns 2
a: Berserk, Trog's Hand, Burn Spellbooks, Renounce Religion


You were on level 5 of the Dungeon.
You worshipped Trog.
Trog was most pleased with you.
You were near starving.

You visited 1 branch of the dungeon, and saw 5 of its levels.

You collected 349 gold pieces.

Inventory:

Hand Weapons
 v - a +0 war axe (weapon)
Armour
 b - a +0 animal skin
 w - a +0 chain mail (worn)
Wands
 a - a wand of flame (21)
 s - a wand of clouds (4)
 x - a wand of scattershot (5)
Scrolls
 e - 2 scrolls of random uselessness {unknown}
 j - 3 scrolls of identify
 k - 2 scrolls of blinking {unknown}
 m - 2 scrolls of remove curse {unknown}
 q - a scroll of enchant weapon {unknown}
 r - a scroll of teleportation {unknown}
 t - 2 scrolls of noise {unknown}
Potions
 d - a potion of heal wounds {unknown}
 f - a potion of haste {unknown}
 g - a potion of agility {unknown}
 i - a potion of berserk rage {unknown}
 l - 2 potions of magic {unknown}
 n - a potion of ambrosia {unknown}
 o - 2 potions of brilliance {unknown}
 p - a potion of lignification {unknown}
 u - a potion of curing {unknown}
 z - a potion of might {unknown}
 A - 2 potions of mutation {unknown}
Comestibles
 c - 8 rations


   Skills:
 - Level 3.6 Fighting
 * Level 13.2 Axes
 - Level 2.4 Armour
 - Level 2.1 Dodging


You had 7 spell levels left.
You didn't know any spells.

Dungeon Overview and Level Annotations

Branches:
Dungeon (5/15)
 Temple: D:4-7

Altars:
Elyvilon
Nemelex Xobeh

Annotations:
D:5 1 transporter


Innate Abilities, Weirdness & Mutations

You reflexively headbutt those who attack you in melee.
You have a pair of horns on your head.


Message History

The iron imp dies!
There is a transporter here.
You enter the transporter and appear at another place.
An orc wizard comes into view. It is wielding a dagger.
The orc wizard shouts!
The orc barely misses you.
Your ogre goes berserk!
You are near starving!
You can no longer call in reinforcements.
The orc barely misses you. The orc hits you but does no damage.
The orc hits your ogre with a war axe!
An orc priest comes into view. It is wielding a hand axe.
As you read the scroll of fog, it crumbles to dust.
The scroll dissolves into smoke.
The orc barely misses you. The orc hits you.
* * * LOW HITPOINT WARNING * * *
Your ogre barely misses the orc.
You closely miss the orc. You barely miss the orc. You hit the orc. x2
Your two-headed ogre rages.
The orc hits you with a war axe!
You die...

#.#.≈≈⌠≈≈.#(##
#.#.≈≈PP≈K#..+
.#.#o≈...≈o#..#
....#5≈...≈5#..#
....####'####..#
....#P..?..≈#..#
....#8P$O$P8#...
....#########.##
......§o@o§...#
..####o§oO...#
.. .§§§§§...#
...........#
#####.......#
#.o.....#
#.......#
#.o.#####


You could see a kobold demonologist, 2 orc priests, 2 shadow imps, 4 orcs, a
friendly two-headed ogre (berserk) and a friendly ogre (berserk).

Vanquished Creatures
  The ghost of feelmyfire the Insei, a novice DgTm (D:4)
  Duvessa (D:4)
  A phantom (D:4)
  A sky beast (D:5)
  A centaur (D:4)
  5 big kobolds (D:4)
  Dowan (D:4)
  2 scorpions
  A howler monkey (D:4)
  An orc priest (D:3)
  A bullfrog skeleton (D:4)
  2 orc wizards (D:3)
  An iguana (D:5)
  3 worker ants (D:4)
  2 gnolls (D:4)
  9 adders
  2 oozes
  2 worms (D:2)
  2 dart slugs (D:1)
  2 leopard geckos
  12 orcs
  A ball python (D:3)
  5 giant cockroaches
  6 goblins
  6 hobgoblins
  2 jackals (D:5)
  2 quokkas
  11 bats
  7 frilled lizards
  43 kobolds
  8 rats
144 creatures vanquished.

Notes
Turn   | Place    | Note
-------+----------+-------------------------------------------
     0 | D:1      | Galewin the Minotaur Berserker began the quest for the Orb.
     0 | D:1      | Reached XP level 1. HP: 19/19 MP: 0/0
    59 | D:1      | Reached skill level 4 in Axes
   130 | D:1      | Reached XP level 2. HP: 21/26 MP: 1/1
   441 | D:1      | Reached skill level 5 in Axes
   589 | D:1      | Reached XP level 3. HP: 29/31 MP: 2/2
   666 | D:2      | Reached ** piety under Trog
   993 | D:2      | Reached skill level 6 in Axes
   993 | D:2      | Reached XP level 4. HP: 29/39 MP: 3/3
  1438 | D:3      | Reached XP level 5. HP: 45/45 MP: 4/4
  1438 | D:3      | Reached skill level 7 in Axes
  1577 | D:3      | Reached *** piety under Trog
  1941 | D:4      | Noticed a centaur
  1944 | D:4      | Reached skill level 8 in Axes
  1949 | D:4      | Killed a centaur
  1949 | D:4      | Reached XP level 6. HP: 16/51 MP: 5/5
  2451 | D:4      | Reached skill level 9 in Axes
  2645 | D:4      | Noticed Dowan
  2646 | D:4      | Noticed feelmyfire's ghost (novice DgTm)
  2647 | D:4      | Noticed Duvessa
  2651 | D:4      | Killed Dowan
  2658 | D:4      | Killed feelmyfire's ghost
  2658 | D:4      | Reached skill level 10 in Axes
  2658 | D:4      | Reached XP level 7. HP: 42/57 MP: 6/6
  2661 | D:4      | Killed Duvessa
  2661 | D:4      | Reached skill level 11 in Axes
  3160 | D:4      | Reached XP level 8. HP: 49/64 MP: 7/7
  3195 | D:4      | Reached **** piety under Trog
  3258 | D:4      | Reached skill level 12 in Axes
  3458 | D:4      | Found a white marble altar of Elyvilon.
  3748 | D:5      | Entered Level 5 of the Dungeon
  3808 | D:5      | Found a sparkling altar of Nemelex Xobeh.
  3808 | D:5      | Found a transporter.
  3808 | D:5      | Noticed a troll
  3881 | D:5      | Reached skill level 13 in Axes
  3913 | D:5      | Found a transporter.
  3913 | D:5      | Noticed a kobold demonologist
  4028 | D:5      | Found a transporter.
  4040 | D:5      | Slain by an orc

Skill      XL: |  1  2  3  4  5  6  7  8 |
---------------+-------------------------+-----
Axes           | 4 5 6 8 10 11 13 | 13.2
Fighting       | |  3.6
Armour         | |  2.4
Dodging        | |  2.1

Action                   |  1- 3 |  4- 6 |  7- 9 || total
-------------------------+-------+-------+-------++-------
Melee: Hand axe          |    75 |    98 |    11 ||   184
       Headbutt          |    10 |    15 |    10 ||    35
       War axe           |       |       |   103 ||   103
Invok: Berserk           |     1 |     3 |     1 ||     5
       Brothers in Arms  |       |       |     2 ||     2
       Trog's Hand       |       |       |     1 ||     1
  Use: Scroll            |     2 |       |     1 ||     3
 Stab: Sleeping          |     1 |       |       ||     1
  Eat: Chunk             |     1 |     4 |     6 ||    11
       Ration            |       |     1 |       ||     1
Armor: Animal skin       |     7 |    23 |     2 ||    32
       Chain mail        |       |       |    46 ||    46
Dodge: Dodged            |    55 |    66 |    52 ||   173
